[Event "Early-Titled-Tuesday-Blitz-January-16-2024"]
[Site "Chess.com"]
[Date "2024.01.16"]
[Round "4"]
[White "Legendinunknown"]
[Black "GroovyKettle"]
[Result "1/2-1/2"]
[WhiteElo "2810"]
[BlackElo "2934"]
[TimeControl "180+1"]
[EndTime "8:41:42 PST"]
[Termination "Game drawn by repetition"]

1. d4 Nf6 2. c4 e6 3. Nc3 d5 4. cxd5 exd5 5. Bg5 c6 6. e3 Be7 7. Bd3 O-O 8. Nge2 Re8 9. O-O Bg4 10. Qc2 Nbd7 11.
f3 Bh5 12. Nf4 Bg6 13. Nxg6 hxg6 14. Rae1 Nh5 15. Bxe7 Rxe7 16. Qf2 Nhf6 17. e4 dxe4 18. fxe4 Ng4 19. Qf4 Ndf6 20. e5 g5 21. Qd2 Qxd4+ 22. Kh1 Rd8 23. exf6 Rxe1 24. Qxe1 Qxd3 25. fxg7 Qe3 26.
h3 Qxe1 27. Rxe1 Nf2+ 28. Kg1 Nd3 29. Re7 b5 30. Ne4 Kxg7 31. Rxa7 Kg6 32. b3 Re8 33. Nd6 Re1+ 34. Kh2 Re2 35. Rxf7 Nf4 36. Rc7 Rxg2+ 37.
Kh1 Rxa2 38. Rxc6 Kh5 39. Nxb5 Kh4 40. Nd4 Kg3 41. Rc3+ Kh4 42. Nf5+ Kh5 43. Rf3 Ra1+ 44. Kh2 Ra2+ 45. Kh1 Rb2 46. Ng3+ Kh4 47. Nf5+ Kh5 48. Ng3+ Kh4 49. Nf5+ Kh5 1/2-1/2

[Event "Early-Titled-Tuesday-Blitz-January-16-2024"]
[Site "Chess.com"]
[Date "2024.01.16"]
[Round "4"]
[White "LevonAronian"]
[Black "RobertoJBM"]
[Result "1-0"]
[WhiteElo "3115"]
[BlackElo "2800"]
[TimeControl "180+1"]
[EndTime "8:41:42 PST"]
[Termination "LevonAronian won by resignation"]

1. e4 c6 2. d4 d5 3. e5 Bf5 4. h4 Qb6 5. a4 h6 6. a5 Qc7 7.
Nc3 e6 8. Bd3 Ne7 9. h5 a6 10. b4 Nd7 11. g4 Bxd3 12. Qxd3 O-O-O 13. f4 g6 14. hxg6 fxg6 15. Nf3 Kb8 16. Na4 Bg7 17. Bd2 Ka8 18. O-O-O Rdf8 19. Nh4 Rhg8 20.
Rdf1 Qd8 21. f5 gxf5 22. gxf5 exf5 23. Nxf5 Nxf5 24. Rxf5 Qe7 25. Rxf8+ Bxf8 26. Qf5 Ka7 27. Rf1 Qe8 28. e6 Nb8 29. Nb6 Bd6 30. Qf7 h5 31. Bh6 h4 32. Rh1 Bg3 33. Kb2 Qd8 34. e7 Qe8 35.
Rf1 Qxf7 36. Rxf7 Re8 37. Bg5 Bd6 38. Rf8 Rxe7 39. Bxe7 Bxe7 40. Nc8+ Ka8 41. Nxe7 1-0

[Event "Early-Titled-Tuesday-Blitz-January-16-2024"]
[Site "Chess.com"]
[Date "2024.01.16"]
[Round "4"]
[White "frederiksvane"]
[Black "Tiqr777"]
[Result "1-0"]
[WhiteElo "2910"]
[BlackElo "2610"]
[TimeControl "180+1"]
[EndTime "8:41:42 PST"]
[Termination "frederiksvane won by resignation"]

1. e4 d6 2. d4 Nf6 3. Nc3 e5 4. Nf3 Nbd7 5. Bc4 Be7 6. O-O O-O 7. a4 c6 8. Re1 a5 9. h3 Qc7 10.
d5 Nc5 11. Ra3 h6 12. Nd2 Nfd7 13. Nf1 Kh7 14. Ng3 g6 15. Be3 Bg5 16. Bxg5 hxg5 17.
Qd2 f6 18. dxc6 bxc6 19. Rd1 Nb6 20. Ba2 Rd8 21. Nf1 Ba6 22. Ne3 Kg7 23. f3 Rd7 24. Bb3 Rad8 25. Qf2 Rh8 26. Raa1 Qd8 27. Ba2 Qe7 28.
Rd2 Bb7 29. Nc4 Nxc4 30. Bxc4 Rhd8 31. Rad1 Ba8 32. b3 Qf8 33. Kh1 Bb7 34. Qxc5 dxc5 35.
Rxd7+ Rxd7 36. Rxd7+ Kh6 37. Rxb7 Qd8 38. Bd3 Qd4 39.
Ne2 Qf2 40. Rf7 g4 41. fxg4 Kg5 42. Rc7 f5 43. gxf5 gxf5 44. exf5 e4 45. Bc4 Qxf5 46.
Rxc6 Qe5 47. Re6 Qa1+ 48. Kh2 1-0

[Event "Early-Titled-Tuesday-Blitz-January-16-2024"]
[Site "Chess.com"]
[Date "2024.01.16"]
[Round "4"]
[White "JMCadavid1998"]
[Black "N4700000"]
[Result "1-0"]
[WhiteElo "2202"]
[BlackElo "2441"]
[TimeControl "180+1"]
[EndTime "8:41:42 PST"]
[Termination "JMCadavid1998 won by resignation"]

1. e4 e6 2. d4 d5 3. Nc3 Nf6 4. e5 Nfd7 5. f4 c5 6. Nf3 Nc6 7. Be3 a6 8. Qd2 b5 9. a3 Qa5 10.
Rd1 b4 11. axb4 Qxb4 12. b3 a5 13. Bb5 Nxd4 14. Nxd4 cxd4 15. Bxd4 Ba6 16. Bxa6 Rxa6 17. Na4 Be7 18. O-O O-O 19. g4 Qxd2 20. Rxd2 Rc8 21.
Ra1 Bb4 22. c3 Bc5 23. Bxc5 Nxc5 24. Nxc5 Rxc5 25. c4 g5 26. cxd5 exd5 27. f5 Kg7 28.
Rad1 d4 29. Rxd4 Rxe5 30. Rd5 Re4 31. R1d4 Rxd4 32. Rxd4 Rb6 33. Ra4 Rxb3 34. Rxa5 h5 35. gxh5 Rf3 36. Kg2 Rf4 37. Kg3 Kh6 38. Ra6+ Kxh5 39.
Rf6 Rg4+ 40. Kf3 Rf4+ 41. Ke3 Kg4 42. Rxf7 Rxf5 43. h3+ Kxh3 44. Rxf5 1-0

[Event "Early-Titled-Tuesday-Blitz-January-16-2024"]
[Site "Chess.com"]
[Date "2024.01.16"]
[Round "4"]
[White "PapaieDudu"]
[Black "viktorskliarov"]
[Result "0-1"]
[WhiteElo "2413"]
[BlackElo "2667"]
[TimeControl "180+1"]
[EndTime "8:41:43 PST"]
[Termination "viktorskliarov won by resignation"]

1. e4 c5 2. Nf3 Nc6 3. d4 cxd4 4. c3 Nf6 5. e5 Nd5 6. cxd4 d6 7. exd6 Qxd6 8.
Nc3 Bg4 9. Bb5 e6 10. h3 Bxf3 11. Qxf3 Be7 12. O-O O-O 13. Rd1 Rfd8 14. a3 a6 15.
Ba4 Rac8 16. Ne4 Qb8 17. Nc3 b5 18. Bc2 Nxc3 19. bxc3 Na5 20. Bf4 Qb7 21. Be4 Qb6 22.
Be5 f5 23. Bb1 Qc6 24. Qg3 Bf8 25. Ba2 Nc4 26. Bf4 Rd7 27. Rd3 Bd6 28. Rad1 Bxf4 29. Qxf4 Qd6 30. Qg5 Qxa3 31. d5 Qxa2 32. dxe6 Rxd3 33.
Re1 Re8 34. Qxf5 Ne5 35. Rxe5 Rd1+ 36. Kh2 Rf8 37. e7 Rxf5 38. Rxf5 Qf7 39. Rxf7 Kxf7 0-1

[Event "Early-Titled-Tuesday-Blitz-January-16-2024"]
[Site "Chess.com"]
[Date "2024.01.16"]
[Round "4"]
[White "Juicy_Fork"]
[Black "FMCarmona"]
[Result "1-0"]
[WhiteElo "2411"]
[BlackElo "2177"]
[TimeControl "180+1"]
[EndTime "8:41:43 PST"]
[Termination "Juicy_Fork won by resignation"]

1. e4 e5 2. Nf3 Nc6 3. Bb5 a6 4. Ba4 Nf6 5. O-O Be7 6. Re1 b5 7. Bb3 d6 8. c3 O-O 9. h3 Na5 10. Bc2 c5 11. d4 Qc7 12. Nbd2 cxd4 13. c4 bxc4 14. Nf1 d3 15. Bb1 Rb8 16. Ng3 Nc6 17.
b3 Nb4 18. a3 c3 19. axb4 c2 20. Qxd3 cxb1=Q 21. Rxb1 Rxb4 22. Ba3 Rb8 23. Rec1 Qb7 24. Nd2 Be6 25. Nc4 d5 26. Na5 dxe4 27. Qe2 Qd7 28.
Bxe7 Qxe7 29. Nc6 Qb7 30. Nxb8 Rxb8 31. b4 Bd7 32. Rc5 Bb5 33. Qe3 Nd7 34. Rc3 Bd3 35. Rd1 Qxb4 36. Rdc1 h6 37. f3 Nf6 38. fxe4 Bxe4 39. Rc4 Qb2 40. Nxe4 Nxe4 41. Qxe4 1-0

[Event "Early-Titled-Tuesday-Blitz-January-16-2024"]
[Site "Chess.com"]
[Date "2024.01.16"]
[Round "4"]
[White "Kotlyar_K"]
[Black "Malikova777"]
[Result "1/2-1/2"]
[WhiteElo "2558"]
[BlackElo "2297"]
[TimeControl "180+1"]
[EndTime "8:41:44 PST"]
[Termination "Game drawn by repetition"]

1. e4 c6 2. Nf3 d5 3. Nc3 Bg4 4. h3 Bxf3 5. Qxf3 Nf6 6. e5 Nfd7 7. d4 e6 8. Bf4 c5 9. dxc5 Bxc5 10. Bd3 Nc6 11. Qg3 g6 12. O-O h6 13. h4 Qe7 14.
Rfe1 Nd4 15. Nb5 Nxb5 16. Bxb5 a6 17. Bd3 O-O-O 18. c4 dxc4 19. Bxc4 Kb8 20. Rac1 Nb6 21.
Bb3 Nd5 22. Bxd5 Rxd5 23. a3 Bb6 24. Be3 Bxe3 25. Qxe3 g5 26. hxg5 hxg5 27. Rcd1 Rhd8 28. Rxd5 Rxd5 29. Rc1 g4 30. Qc3 Qd7 31. Qe3 Qb5 32. Qf4 Qxb2 33. Re1 Qxa3 34. Qxf7 Qc3 35. Re3 Qa1+ 36.
Kh2 Qd4 37. Qf6 Ka7 38. g3 Qb6 39. Kg2 Rd2 40. Qf4 a5 41. Re4 Qc6 42. Qxd2 Qxe4+ 43. Kh2 a4 44. Qa5+ Kb8 45. Qd8+ Ka7 46. Qa5+ Kb8 47. Qd8+ Ka7 48. Qa5+ 1/2-1/2

[Event "Early-Titled-Tuesday-Blitz-January-16-2024"]
[Site "Chess.com"]
[Date "2024.01.16"]
[Round "4"]
[White "Darkbluelord"]
[Black "Roedor"]
[Result "1-0"]
[WhiteElo "2189"]
[BlackElo "2394"]
[TimeControl "180+1"]
[EndTime "8:41:44 PST"]
[Termination "Darkbluelord won by resignation"]

1. e4 e5 2. Nf3 Nc6 3. d4 exd4 4. Bc4 Bc5 5. c3 Nf6 6. O-O Nxe4 7. cxd4 d5 8. dxc5 dxc4 9. Qe2 Qd3 10. Re1 f5 11.
Nc3 Qxe2 12. Rxe2 O-O 13. Nxe4 fxe4 14. Rxe4 b5 15. cxb6 cxb6 16. Rxc4 Bb7 17. Bg5 Rae8 18. h4 h6 19. Be3 Na5 20. Rc7 Bxf3 21. gxf3 Rf7 22. Rac1 Ree7 23. Rc8+ Kh7 24. b4 Nb7 25. Rd1 Rd7 26. Re1 Nd6 27. Rc6 Nf5 28. h5 Nh4 29.
Rec1 Nxf3+ 30. Kg2 Ne5 31. Rc8 Ng4 32. R1c3 Nf6 33. a4 Nxh5 34. a5 bxa5 35. bxa5 Nf6 36. Rb8 Nd5 37. Rcc8 Nxe3+ 38. fxe3 Rd5 39. Rh8+ Kg6 40.
Rbc8 Rg5+ 41. Kh3 Rxa5 42. Rc6+ Rf6 43. Rc4 Rh5+ 44. Kg3 Rg5+ 45. Kh4 a5 46. Ra8 Rf3 47. Rc6+ Kh7 48. Rcc8 Rf6 49. Rh8+ Kg6 50. Rab8 a4 51. Ra8 Rf1 52. Ra6+ Kf5 53. Rf8+ Ke4 54. Rxf1 Kxe3 55. Rxa4 Ke2 56. Rb1 1-0

[Event "Early-Titled-Tuesday-Blitz-January-16-2024"]
[Site "Chess.com"]
[Date "2024.01.16"]
[Round "4"]
[White "RamonManon0g"]
[Black "AlexPapasimakopoulos"]
[Result "0-1"]
[WhiteElo "2399"]
[BlackElo "2646"]
[TimeControl "180+1"]
[EndTime "8:41:45 PST"]
[Termination "AlexPapasimakopoulos won by checkmate"]

1. e4 e6 2. d4 d5 3. Nd2 Nf6 4. e5 Nfd7 5. Ngf3 c5 6. c3 Be7 7.
Bd3 b5 8. Bxb5 Qb6 9. Bd3 Ba6 10. Qe2 cxd4 11. cxd4 O-O 12. O-O Bxd3 13. Qxd3 Nc6 14. Nb3 a5 15. Bg5 a4 16. Bxe7 Nxe7 17. Ng5 Ng6 18. Nc5 Nxc5 19. dxc5 Qxc5 20. Rac1 Qb4 21. Rc7 Qxb2 22. Qh3 h6 23. Nxe6 Qxe5 24. Nxf8 Qxc7 25. Nxg6 fxg6 26. Qe6+ Qf7 27. Qc6 Rd8 28. Qxa4 d4 29. Rd1 Qf6 30. Qc4+ Kh7 31. a4 d3 32. h3 d2 33. Qe2 Qc3 34. Kf1 Qa5 35. Qb5 Qc7 36. a5 Qh2 37. a6 Qh1+ 38. Ke2 Qxg2 39. Rxd2 Qe4+ 40. Kd1 Qf3+ 41. Ke1 Rc8 42. Qb2 Qh1+ 43. Ke2 Re8+ 44. Kd3 Qe4+ 45. Kc3 Rc8+ 46. Kb3 Rb8+ 47. Ka2 Rxb2+ 48. Kxb2 Qb4+ 49. Kc2 Qa4+ 50. Kd3 Qxa6+ 51.
Ke3 Qa3+ 52. Ke2 Qxh3 53. Rd3 Qf5 54. Rg3 g5 55. Kf1 Qf4 56. Kg2 g4 57. Re3 h5 58.
Rg3 h4 59. Re3 h3+ 60. Kg1 Qxe3 61. fxe3 g3 62. Kh1 Kg6 63. e4 Kf6 64. e5+ Kxe5 65.
Kg1 Kf4 66. Kh1 Kf3 67. Kg1 g2 68. Kh2 Kf2 69. Kxh3 g1=Q 70. Kh4 Qg6 71. Kh3 Qh5# 0-1

[Event "Early-Titled-Tuesday-Blitz-January-16-2024"]
[Site "Chess.com"]
[Date "2024.01.16"]
[Round "4"]
[White "Alexei_Kornev"]
[Black "Phelathegreat"]
[Result "1/2-1/2"]
[WhiteElo "2698"]
[BlackElo "2423"]
[TimeControl "180+1"]
[EndTime "8:41:45 PST"]
[Termination "Game drawn by repetition"]

1. e4 e6 2. d4 d5 3. Nc3 Nf6 4. e5 Nfd7 5. f4 c5 6. Nf3 Nc6 7. Be3 cxd4 8. Nxd4 Bc5 9. a3 O-O 10. Qd2 a6 11. O-O-O Qc7 12. h4 Nxd4 13. Bxd4 b5 14. Ne2 f6 15. exf6 Nxf6 16. Bxc5 Qxc5 17. Qd4 Qxd4 18.
Rxd4 Ne4 19. g3 Bd7 20. Bg2 Nc5 21. Re1 Rac8 22. Kd2 Rc7 23. Nc3 Rfc8 24. Bxd5 exd5 25. Nxd5 Rb7 26. Ne7+ Kf7 27. Nxc8 Bxc8 28. Re5 Nd7 29.
Red5 Nb6 30. Rd8 Bf5 31. b3 Rc7 32. c3 Be6 33. R8d6 Nd7 34. b4 Ra7 35. Rc6 Nf6 36.
Kc2 a5 37. Kb2 axb4 38. cxb4 Bc4 39. Rcd6 Be6 40. Rb6 Bc4 41. f5 h5 42. Rbd6 Rc7 43. Rd8 Ke7 44. Rb8 Nd7 45. Rh8 Nb6 46. Rxh5 Na4+ 47.
Kb1 Kf7 48. Rh8 Re7 49. Kc2 Re2+ 50. Kc1 Nc3 51. Rhd8 Na2+ 52. Kd1 Nc3+ 53. Kc1 Na2+ 54. Kd1 Nc3+ 55. Kc1 1/2-1/2

[Event "Early-Titled-Tuesday-Blitz-January-16-2024"]
[Site "Chess.com"]
[Date "2024.01.16"]
[Round "4"]
[White "FredddieCroderg"]
[Black "only_strong_moves"]
[Result "0-1"]
[WhiteElo "2347"]
[BlackElo "2539"]
[TimeControl "180+1"]
[EndTime "8:41:45 PST"]
[Termination "only_strong_moves won on time"]

1. d4 Nf6 2. c4 e6 3. Nf3 Bb4+ 4. Nbd2 d5 5. cxd5 exd5 6. g3 O-O 7. Bg2 Re8 8. O-O Nc6 9. a3 Bd6 10. b4 Ne4 11. Bb2 a6 12. Rc1 Bf5 13. Nb3 Ne7 14. Nc5 Bc8 15. Nd2 Nxd2 16. Qxd2 b6 17. Nd3 Bf5 18. Ne5 Be4 19. f3 Bg6 20. a4 f6 21.
Nxg6 Nxg6 22. f4 Ne7 23. e4 dxe4 24. Bxe4 Rb8 25. Qd3 f5 26. Bxf5 Nxf5 27. Qxf5 Bxb4 28. d5 Qe7 29. Be5 Bd6 30. Rfe1 b5 31. a5 b4 32. Qh5 Red8 33. Bb2 Qd7 34. Re6 Rb5 35. Rce1 Bf8 36.
Qg5 Rxd5 37. f5 Rd1 38. Kg2 Qd5+ 39. Kh3 Rxe1 40. Rxe1 Rd6 41. Re8 Rh6+ 42. Kg4 Qd1+ 43. Kf4 Qd2+ 44. Kg4 Qd1+ 0-1

[Event "Early-Titled-Tuesday-Blitz-January-16-2024"]
[Site "Chess.com"]
[Date "2024.01.16"]
[Round "4"]
[White "Elsa167"]
[Black "GiorgianBarbosa"]
[Result "1-0"]
[WhiteElo "2835"]
[BlackElo "2603"]
[TimeControl "180+1"]
[EndTime "8:41:46 PST"]
[Termination "Elsa167 won on time"]

1. d4 Nf6 2. c4 e6 3. Nf3 d5 4. Nc3 Be7 5. g3 O-O 6. Bg2 a5 7. O-O c6 8. Re1 dxc4 9. Ne5 c5 10. dxc5 Bxc5 11. Nxc4 Nc6 12. Be3 Bxe3 13. Nxe3 Qb6 14. Qb3 Qxb3 15. axb3 Bd7 16. Red1 Rfd8 17. Nc4 Be8 18.
Rxd8 Rxd8 19. Nxa5 Nxa5 20. Rxa5 Rd2 21. Bxb7 Rxb2 22.
Ra3 Rc2 23. b4 Rb2 24. b5 g6 25.
Bc6 Kf8 26. Ra8 Ke7 27. Ra7+ Kf8 28. Na4 Rb1+ 29. Kg2 Nd5 30. Ra8 Nf6 31. Nc5 Ke7 32. Ra7+ Kd6 33. Bxe8 Nxe8 34. Ne4+ Ke5 35. Ng5 Rxb5 36. Rxf7 h6 37. Nh3 Nf6 38. f4+ Kf5 39.
e4+ 1-0

[Event "Early-Titled-Tuesday-Blitz-January-16-2024"]
[Site "Chess.com"]
[Date "2024.01.16"]
[Round "4"]
[White "KuzubovYuriy"]
[Black "FairChess_on_YouTube"]
[Result "0-1"]
[WhiteElo "2876"]
[BlackElo "3084"]
[TimeControl "180+1"]
[EndTime "8:41:47 PST"]
[Termination "FairChess_on_YouTube won by resignation"]

1. d4 Nf6 2. Nf3 e6 3. c4 b6 4.
g3 Bb7 5. Bg2 Be7 6. Nc3 Ne4 7.
Bd2 O-O 8. d5 Nxd2 9. Qxd2 a5 10. h4 Na6 11. Nd4 Nc5 12. h5 Bf6 13. e3 Ba6 14. b3 e5 15. Nf5 e4 16. Rd1 Re8 17.
Qc2 Re5 18. Nxe4 Rxf5 19. Nxc5 Rxf2 20. Qxf2 bxc5 21. O-O d6 22. h6 Qe7 23. hxg7 Kxg7 24. Kh1 Bc8 25. Qf3 Bg5 26. Qh5 f6 27. Bh3 Qe4+ 28.
Bg2 Qg6 29. Qxg6+ hxg6 30. Rd3 Bg4 31. Kg1 Be2 32. Rc3 Bxf1 33. Kxf1 a4 34. Be4 axb3 35. axb3 Ra2 36. Rc2 Ra3 37. Rc3 f5 38. Bf3 Ra2 39. g4 Bh4 40. Kg1 Rf2 41. Bd1 Rd2 42. Bf3 Kf6 43.
gxf5 gxf5 44. Rc1 Bf2+ 45. Kf1 Bxe3 46. Ra1 Rf2+ 47. Ke1 Rxf3 0-1

[Event "Early-Titled-Tuesday-Blitz-January-16-2024"]
[Site "Chess.com"]
[Date "2024.01.16"]
[Round "4"]
[White "BursaBBSatranc"]
[Black "Grossboss19"]
[Result "1-0"]
[WhiteElo "2718"]
[BlackElo "2545"]
[TimeControl "180+1"]
[EndTime "8:41:48 PST"]
[Termination "BursaBBSatranc won on time"]

1. d4 Nf6 2. Bf4 e6 3. e3 d5 4. Nf3 Bd6 5. Nbd2 O-O 6. Bd3 c5 7. dxc5 Bxf4 8. exf4 Qc7 9. g3 Qxc5 10. O-O Nc6 11.
a3 b6 12. Rc1 Bb7 13. Qe2 Rac8 14. Nb3 Qe7 15. Rfe1 Rfe8 16. c3 Rcd8 17. Bb5 Qc7 18. Ne5 Re7 19. Nd4 Nxe5 20. fxe5 Ne4 21. f3 Nc5 22. b4 Nd7 23. Bd3 Nb8 24. f4 g6 25. Nb5 Qd7 26. Nd6 Bc6 27. h4 Qc7 28. h5 Nd7 29. hxg6 hxg6 30. c4 Qb8 31. cxd5 Bxd5 32. Be4 Bxe4 33. Qxe4 Nf8 34. Rc6 Rc7 35. Rec1 Rdd7 36. Kf2 Rxc6 37. Qxc6 g5 38. Qc8 Qxc8 39.
Rxc8 gxf4 40. gxf4 a5 41. b5 f5 42. Rc6 Kg7 43.
Rxb6 Ng6 44. Ke3 Ne7 45. Ra6 Nd5+ 46. Kf3 Kf8 47. b6 Ke7 48. b7 1-0

[Event "Early-Titled-Tuesday-Blitz-January-16-2024"]
[Site "Chess.com"]
[Date "2024.01.16"]
[Round "4"]
[White "AradNazari"]
[Black "semchik73"]
[Result "0-1"]
[WhiteElo "2634"]
[BlackElo "2417"]
[TimeControl "180+1"]
[EndTime "8:41:48 PST"]
[Termination "semchik73 won by resignation"]

1. e3 d5 2. d4 Nf6 3. Nf3 c5 4.
Bb5+ Bd7 5. Qe2 Nc6 6. dxc5 e6 7. c4 Bxc5 8. O-O O-O 9. a3 a6 10. Bxc6 Bxc6 11. Ne5 Bd6 12. Nxc6 bxc6 13. Nc3 Bc7 14.
Rd1 Qd6 15. g3 Qc5 16. b4 Qxc4 17. Qxc4 dxc4 18. Rd4 Nd5 19. Rxc4 Nxc3 20. Rxc3 Be5 21. Bb2 Bxc3 22. Bxc3 Rfd8 23. Bd4 f6 24. Rc1 Rac8 25. Rc3 e5 26. Bb6 Rd1+ 27. Kg2 e4 28. g4 g6 29. Rc4 f5 30. h3 Rd3 31. a4 h5 32.
Kg3 hxg4 33. hxg4 Kf7 34. Kf4 Ke6 35. Bd4 Rd2 36. Kg3 fxg4 37. Rc5 Kd7 38. Bc3 Rc2 39. Kxg4 Rf8 40. Kg5 Rfxf2 41. Kxg6 Rf3 42. Bd4 Rxc5 43. Bxc5 Ke6 44. Kg5 Rf2 45. a5 Kd5 46. Kg4 Rf3 47. Kg5 Kc4 48. Kg6 Kd3 49. Kg5 Rxe3 50. Kf5 Rf3+ 51. Ke5 e3 52. Bxe3 Kxe3 53. Kd6 Rf4 54. b5 cxb5 0-1

[Event "Early-Titled-Tuesday-Blitz-January-16-2024"]
[Site "Chess.com"]
[Date "2024.01.16"]
[Round "4"]
[White "the_blue_pill"]
[Black "maximnovik"]
[Result "1-0"]
[WhiteElo "2343"]
[BlackElo "2508"]
[TimeControl "180+1"]
[EndTime "8:41:49 PST"]
[Termination "the_blue_pill won by checkmate"]

1. d4 Nf6 2. Bf4 g6 3. Nc3 d5 4.
e3 c6 5. h4 h5 6. Nf3 Bg7 7.
Qd2 b5 8. Bd3 a5 9. Ne5 Be6 10.
f3 Nfd7 11. e4 Nxe5 12. Bxe5 Bxe5 13. dxe5 d4 14. Ne2 Qb6 15. Nf4 c5 16. Nxe6 fxe6 17. Qg5 Nc6 18. f4 O-O-O 19. Qxg6 Nb4 20. O-O c4 21. a3 Na6 22. Rac1 Nc7 23. a4 cxd3 24.
cxd3 Kb7 25. axb5 Nxb5 26. Rc4 Rc8 27. Rfc1 Rxc4 28. Rxc4 Nc7 29. Qf7 Qxb2 30. Qxe7 Qb6 31. f5 exf5 32. exf5 Rc8 33. f6 Ka6 34. f7 Qb1+ 35. Kh2 Qxd3 36. Rc6+ Kb5 37. Rxc7 Rxc7 38. Qxc7 Qf5 39. Qb8+ Kc4 40. f8=Q Qe4 41. Qf1+ d3 42. Qc7+ Kd4 43. Qd6+ Kc3 44. Qc1+ Kb3 45. Qb6+ Ka4 46. Qa1# 1-0

[Event "Early-Titled-Tuesday-Blitz-January-16-2024"]
[Site "Chess.com"]
[Date "2024.01.16"]
[Round "4"]
[White "artooon"]
[Black "Durarbayli"]
[Result "1-0"]
[WhiteElo "2973"]
[BlackElo "2834"]
[TimeControl "180+1"]
[EndTime "8:41:50 PST"]
[Termination "artooon won on time"]

1. e4 e5 2. Nf3 Nc6 3. Bc4 Nf6 4. Ng5 d5 5. exd5 Na5 6. Bb5+ c6 7. dxc6 bxc6 8. Qf3 cxb5 9. Qxa8 Qc7 10. Qf3 h6 11. Ne4 Nxe4 12. Qxe4 Bb7 13. Qe2 Bxg2 14. Rg1 Bc6 15.
d4 e4 16. Nc3 Qxh2 17. Qg4 h5 18. Qc8+ Ke7 19. Bg5+ f6 20. O-O-O fxg5 21. d5 Bd7 22. Qc5+ Ke8 23. Qxa7 Nc4 24. d6 e3 25. fxe3 Rh6 26. Ne4 Qe5 27. Qa8+ Kf7 28. c3 g4 29. Rgf1+ Rf6 30. Nxf6 gxf6 31. e4 Bxd6 32. Qh8 Qg5+ 33. Kb1 Bc6 34. Qh7+ Qg7 35. Qxh5+ Qg6 36. Qh8 Qxe4+ 37.
Ka1 Be7 38. Rde1 Qg6 39. Qc8 Be4 40. Qd7 Ne5 41. Qxb5 Bd3 42. Qxe5 Bxf1 43. Rxf1 Qd3 44. Qh5+ Kf8 45. Re1 1-0

[Event "Early-Titled-Tuesday-Blitz-January-16-2024"]
[Site "Chess.com"]
[Date "2024.01.16"]
[Round "4"]
[White "Kiborg95"]
[Black "Rud_Makarian"]
[Result "0-1"]
[WhiteElo "2870"]
[BlackElo "3041"]
[TimeControl "180+1"]
[EndTime "8:41:51 PST"]
[Termination "Rud_Makarian won by resignation"]

1. e4 c5 2. Nc3 Nc6 3. Nge2 e6 4.
d4 cxd4 5. Nxd4 Qc7 6. Be3 a6 7. f4 b5 8. Nb3 Bb7 9. Bd3 h5 10.
O-O Nf6 11. h3 d6 12. Qe1 Nb4 13. a3 Nxd3 14. cxd3 Rc8 15. Nd4 Be7 16. Nf3 O-O 17.
Ng5 Nh7 18. Nf3 Qb8 19. Nd4 Ba8 20. Qe2 Nf6 21. g4 g6 22. gxh5 Nxh5 23. f5 d5 24. Qg2 dxe4 25. fxg6 Qg3 26. gxf7+ Rxf7 27. Nxe4 Bxe4 28.
dxe4 Rg7 29. Qxg3 Rxg3+ 30. Kf2 Rxh3 31. Ke2 Ng3+ 32. Kd3 Nxf1 33. Rxf1 Bg5 34. Nf3 Rd8+ 35. Ke2 Bxe3 36. Kxe3 Rf8 37. Ke2 Rg3 38. Rf2 Kg7 39. b4 Rf4 40. Ke3 e5 41. Rf1 Kf6 42. Rf2 Ke6 43.
Rf1 Rg2 44. Kd3 Ra2 0-1

[Event "Early-Titled-Tuesday-Blitz-January-16-2024"]
[Site "Chess.com"]
[Date "2024.01.16"]
[Round "4"]
[White "Iball95"]
[Black "crescentmoon2411"]
[Result "0-1"]
[WhiteElo "2749"]
[BlackElo "2936"]
[TimeControl "180+1"]
[EndTime "8:41:54 PST"]
[Termination "crescentmoon2411 won on time"]

1. e4 c5 2. Nf3 Nc6 3. Nc3 e5 4.
Bc4 d6 5. d3 Be7 6. O-O Nf6 7.
h3 h6 8. Nh2 g5 9. Nd5 Nxd5 10. Bxd5 h5 11. c3 Be6 12. Bxe6 fxe6 13. Be3 Qd7 14. Rb1 O-O-O 15. b4 cxb4 16. cxb4 Kb8 17.
b5 Nd4 18. Nf3 Bf6 19. Nxg5 h4 20. Bxd4 Bxg5 21. Be3 Rhg8 22. b6 Qg7 23. bxa7+ Ka8 24. Qg4 Qf6 25. Qe2 Rd7 26. Bxg5 Rxg5 27. f3 Rdg7 28. Rf2 Qf4 29. Rb2 Qc1+ 30. Qf1 Qc5 31. Kh1 Rc7 32. Qd1 Rgg7 33. Rfc2 Qe3 34. Qb1 Kxa7 35.
Rxc7 Rxc7 36. Kh2 Qf4+ 37. Kg1 Rc1+ 38. Kf2 Qg3+ 39. Ke3 Qe1+ 40. Re2 Qg1+ 41. Rf2 Rxb1 42. f4 Rb2 43. d4 Qxf2+ 0-1

[Event "Early-Titled-Tuesday-Blitz-January-16-2024"]
[Site "Chess.com"]
[Date "2024.01.16"]
[Round "4"]
[White "starworld123"]
[Black "Lady_Nika"]
[Result "1-0"]
[WhiteElo "2833"]
[BlackElo "2600"]
[TimeControl "180+1"]
[EndTime "8:41:54 PST"]
[Termination "starworld123 won by checkmate"]

1. Nf3 d5 2. e3 e6 3. c4 c6 4.
b3 f5 5. Bb2 Nf6 6. Be2 Be7 7.
O-O O-O 8. d3 Nbd7 9. Nd4 Nb6 10. f4 Bd7 11. a3 a5 12. Nd2 c5 13. N4f3 Bc6 14. Ne5 Nfd7 15. Ndf3 Nxe5 16. Nxe5 Nd7 17. Nxc6 bxc6 18. Qc2 Bf6 19. d4 cxd4 20. exd4 Qb6 21. c5 Qb7 22. Bc3 Rfb8 23. b4 Qa7 24. Rfb1 a4 25.
Kh1 Bd8 26. b5 cxb5 27. Bxb5 Nf6 28. Bc6 Rxb1+ 29. Rxb1 Rb8 30. Rxb8 Qxb8 31. Bxa4 Ne4 32. g3 Qa7 33. Bb2 Qa5 34. Kg2 g5 35. fxg5 Nxg5 36. Bc3 Qa6 37. c6 Ne4 38. Bb4 Bc7 39. Be7 f4 40.
gxf4 Bxf4 41. Bd8 Qa7 42. c7 Bxc7 43. Bxc7 Qxd4 44. Bg3 h5 45. Bd7 Nc5 46. Qg6+ Kf8 47. Bd6# 1-0

[Event "Early-Titled-Tuesday-Blitz-January-16-2024"]
[Site "Chess.com"]
[Date "2024.01.16"]
[Round "4"]
[White "AlexLongson"]
[Black "andrzej"]
[Result "1-0"]
[WhiteElo "2266"]
[BlackElo "2376"]
[TimeControl "180+1"]
[EndTime "8:41:54 PST"]
[Termination "AlexLongson won by checkmate"]

1. e4 e5 2. Nf3 Nf6 3. Nxe5 d6 4. Nf3 Nxe4 5. c4 Nc6 6. d4 Bf5 7. Nc3 Nxc3 8. bxc3 Be7 9. Be2 O-O 10. O-O Qd7 11. Bf4 Rfe8 12. Re1 h6 13. a4 Na5 14. h3 Bf8 15. c5 dxc5 16. Ne5 Qd8 17. Bh5 g6 18.
Bf3 cxd4 19. cxd4 Bb4 20. Re3 g5 21. Bg3 c6 22. Rc1 Be6 23. Qd3 Qf6 24. Bh5 Bd5 25.
Ng4 Qg7 26. Be5 Rxe5 27. dxe5 Be7 28. Qd4 Nb3 29. Rxb3 Bxb3 30. Nf6+ Kh8 31. Qd7 Bxf6 32. Qxb7 Rd8 33. exf6 Qxf6 34. Qxb3 Kg7 35. Qf3 Qe7 36. Rxc6 f6 37. Qc3 Rd7 38. Bg4 Rb7 39. g3 h5 40.
Bf5 h4 41. g4 Rb1+ 42. Bxb1 Kh6 43. Rc7 Qe1+ 44. Kg2 f5 45. Qc6+ Qe6 46. Qxe6# 1-0

[Event "Early-Titled-Tuesday-Blitz-January-16-2024"]
[Site "Chess.com"]
[Date "2024.01.16"]
[Round "4"]
[White "karinachess1"]
[Black "scarabee43"]
[Result "1-0"]
[WhiteElo "2610"]
[BlackElo "2804"]
[TimeControl "180+1"]
[EndTime "8:41:55 PST"]
[Termination "karinachess1 won by resignation"]

1. d4 Nf6 2. c4 e6 3. Nc3 d5 4.
cxd5 exd5 5. Bg5 Be7 6. e3 O-O 7. Bd3 c6 8. Qc2 h6 9. Bh4 Re8 10. Nf3 Nbd7 11. O-O a5 12. a3 Nf8 13. Rab1 Be6 14.
Na4 N6d7 15. Bxe7 Qxe7 16. b4 axb4 17. axb4 b5 18. Nc5 Nb6 19. Ne5 Nc4 20. Nxc6 Qg5 21. Bxc4 dxc4 22. Nxe6 Rxe6 23. Ne5 Rea6 24. Qe4 Ra2 25.
Qd5 Rb8 26. Qxf7+ Kh7 27. g3 Ng6 28. Nxg6 Qxg6 29. Qd5 Rf8 30. Rbc1 Rf5 31. Qe4 Rb2 32. d5 Rxb4 33. d6 Rf7 34. Qd4 Rd7 35. Rcd1 Rb3 36. e4 Qe6 37. e5 Ra3 38. Qe4+ g6 39. Qd5 Qxd5 40. Rxd5 b4 41. e6 Rd8 42. e7 Raa8 43. exd8=Q Rxd8 44. Rd4 c3 45. Rxb4 Rxd6 46. Rc4 Rd3 47.
Rc1 h5 48. R4xc3 Rd2 49. h4 Kh6 50. Kg2 Rd6 51. Rc6 Rd4 52. R1c5 Rg4 53. Rg5 Rxg5 54. hxg5+ Kxg5 55. Kh3 Kf5 56. f4 1-0

[Event "Early-Titled-Tuesday-Blitz-January-16-2024"]
[Site "Chess.com"]
[Date "2024.01.16"]
[Round "4"]
[White "I_am_Javi"]
[Black "AmanteDeMoi"]
[Result "1-0"]
[WhiteElo "2771"]
[BlackElo "2563"]
[TimeControl "180+1"]
[EndTime "8:41:55 PST"]
[Termination "I_am_Javi won on time"]

1. e4 g6 2. d4 Bg7 3. Nc3 c6 4. Be3 d5 5. e5 h5 6. Bd3 Nh6 7. Nce2 Bf5 8. c3 Bxd3 9. Qxd3 Nf5 10. Nf3 e6 11. O-O Nd7 12. Ng3 Bf8 13. b4 Be7 14. a4 Kf8 15. Rab1 Kg7 16. Nxf5+ gxf5 17. b5 c5 18. c4 dxc4 19. Qxc4 Nb6 20. Qb3 c4 21. Qc2 Rc8 22. d5 Nxd5 23. Bd4 Rh6 24. Rfd1 Rg6 25.
Bxa7 Kh8 26. Bd4 Qg8 27. g3 h4 28. a5 Nf4 29. a6 hxg3 30. fxg3 Rxg3+ 31. Kh1 Rg2 32. Rd2 Qg4 33. Rf1 Rg8 34. axb7 Rxd2 35. Qxd2 Nh3 36. Qe2 Rb8 37. Qxc4 Nf4 38. Qc2 Qh3 39. Qf2 Rxb7 40. b6 Rb8 41. Rg1 Nd3 42. Qg3 1-0